 Dungeon Crawl Stone Soup version 0.17-a0-2055-gb4e23be (webtiles) character file.

48 DMSwoyer the Stinger (level 3, -5/16 HPs)
             Began as a Spriggan Venom Mage on Oct 11, 2015.
             Killed from afar by Natasha (10 damage)
             ... with a wand of magic darts
             ... on level 2 of the Dungeon.
             The game lasted 00:14:08 (1988 turns).

DMSwoyer the Stinger (Spriggan Venom Mage)          Turns: 1988, Time: 00:14:08

Health: -5/16      AC:  2    Str:  4    XL:     3   Next: 50%
Magic:  3/9        EV: 18    Int: 17    God:
Gold:   102        SH:  0    Dex: 16    Spells: 2 memorised, 6 levels left

rFire  . . .     SeeInvis +     k - +0 hunting sling
rCold  . . .     Clarity  .     a - +0 robe
rNeg   . . .     SustAt   .     (shield restricted)
rPois  .         Gourm    .     (helmet restricted)
rElec  .         Spirit   .     (no cloak)
rCorr  .         Warding  .     (gloves unavailable)
rMut   .         Stasis   .     (boots unavailable)
MR     .....                    (no amulet)
Stlth  +++.......               (no ring)
                                (no ring)

@: very quick, not resistant to hostile enchantments, fairly stealthy
A: unfitting armour, see invisible, herbivore 3, speed 3, slow metabolism 2
a: no special abilities


You were on level 2 of the Dungeon.
You were not hungry.

You visited 1 branch of the dungeon, and saw 2 of its levels.

You collected 102 gold pieces.

Inventory:

Hand Weapons
 d - a +0 dagger
 k - a +0 hunting sling (weapon)
Missiles
 g - 37 stones (quivered)
Armour
 a - a +0 robe (worn)
Scrolls
 e - 3 scrolls of identify {unknown}
 j - a scroll of teleportation {unknown}
Potions
 f - a potion of haste {unknown}
 h - a potion of might {unknown}
 i - a potion of brilliance {unknown}
 l - a potion of agility {unknown}
Books
 b - a Young Poisoner's Handbook

   Spells                             Type                      Level
   a - Sting                          Conjuration/Poison           1
   b - Cure Poison                    Poison                       2
   c - Mephitic Cloud                 Conjuration/Poison/Air       3
   d - Olgreb's Toxic Radiance        Poison                       4
   e - Venom Bolt                     Conjuration/Poison           5
Comestibles
 c - a bread ration


   Skills:
 * Level 3.3 Dodging
 + Level 3.4 Stealth
 * Level 3.6 Spellcasting
 * Level 0.2 Conjurations
 * Level 4.4 Poison Magic


You had 6 spell levels left.
You knew the following spells:

 Your Spells              Type           Power        Failure   Level  Hunger
a - Sting                 Conj/Pois      ##..         10%         1    None
b - Cure Poison           Pois           ###.......   4%          2    ##.....


Dungeon Overview and Level Annotations

Branches:
Dungeon (2/15)

Altars:

Annotations:
D:2 Natasha


Innate Abilities, Weirdness & Mutations

You are tiny and cannot use many weapons and most armour.
You have supernaturally acute eyesight.
You are a herbivore.
You cover ground extremely quickly.
You need consume almost no food.


Message History

Aim: a rat The sting hits the rat.
The rat is poisoned.
The rat is moderately wounded.
Firing (i - inventory):
g - 38 stones (quivered)
Press: ? - help, Shift-Dir - straight line, f/p - rat
Aim: a rat (severely wounded, poisoned)
You shoot a stone. The stone hits the rat.
You kill the rat!
Your magical contamination has completely faded away.
Natasha hisses angrily.
Casting: Sting
Confirm with . or Enter, or press ? or * to list all spells.
Aiming: Sting
Press: ? - help, Shift-Dir - straight line, f - Natasha
Aim: Natasha, carrying a wand of magic darts {zapped: 2} (severely wounded)
The sting hits Natasha.
Natasha appears unharmed.
Natasha is severely wounded.
Natasha zaps a wand.
The magic dart hits you!
Ouch! That really hurt!
You die...

#.b.... #.......# .. #.......
.##### # ...... .#... . ##.
..... .#.<#.. ...) #..#
..#.... .....##.##########
.....
.....<...........######..#####
.....#.#######@........h....(
.....#.#...h........)..#.....
.....#...####...)......# ###
.......(h....(..>#####.#
.....#...####.#..# .#
######.#...####.#..# .#
.......#>..##...#..# .#
.......#...##.###..# .#
.......#......<....# .#


You could see Natasha.

Vanquished Creatures
  An adder (D:2)
  2 worms (D:2)
  5 bats
  3 giant cockroaches (D:1)
  5 goblins
  6 hobgoblins
  2 giant newts
  2 kobolds (D:1)
  4 rats
30 creatures vanquished.

Notes
Turn   | Place    | Note
--------------------------------------------------------------
     0 | D:1      | DMSwoyer the Spriggan Venom Mage began the quest for the Orb.
     0 | D:1      | Reached XP level 1. HP: 9/9 MP: 5/5
   372 | D:1      | Reached XP level 2. HP: 13/13 MP: 3/6
   376 | D:1      | Learned a level 2 spell: Cure Poison
  1511 | D:2      | Reached XP level 3. HP: 16/16 MP: 4/8
  1923 | D:2      | Noticed Natasha
  1988 | D:2      | Killed from afar by Natasha

Vault maps used:
D:1:      lightli_arrival_quake, serial_park_tiny_1, hangedman_decor_points
D:2:      zin_academy, lemuel_doored_altar, uniq_natasha

Action                   || total
-------------------------++-------
Melee: Dagger            ||     6
       Unarmed           ||     1
 Fire: Hunting sling     ||    43
Throw: Stone             ||     1
 Cast: Sting             ||    61
